 Dungeon Crawl Stone Soup version 0.28.0-45-g0d030f2227 (webtiles) character file.

Game seed: 4988698152764008063

1782 hawla the Magician (level 8, -1/62 HPs)
             Began as a Purple Draconian Conjurer on Apr 19, 2022.
             Was a Follower of Vehumet.
             Slain by a killer bee zombie (2 damage)
             ... on level 7 of the Dungeon.
             The game lasted 00:22:44 (8102 turns).

hawla the Magician (Purple Draconian Conjurer)      Turns: 8102, Time: 00:22:45

Health: -1/62      AC:  7    Str:  8 (9)  XL:     8   Next: 81%
Magic:  2/19       EV: 13    Int: 18 (20) God:    Vehumet [*.....]
Gold:   294        SH:  0    Dex: 10 (11) Spells: 11/22 levels left

rFire   . . .      SeeInvis .   q - staff of air
rCold   . . .      Faith    .   (no shield)
rNeg    . . .      Spirit   .   (armour unavailable)
rPois   .          Reflect  .   (helmet restricted)
rElec   +          Harm     .   n - +0 cloak
rCorr   .          Rampage  .   (no gloves)
Will    +....                   (no boots)
Stlth   ++........              (no amulet)
HPRegen 0.20/turn               (no ring)
MPRegen 0.16/turn               (no ring)

@: flying
A: breathe power, AC +6, unfitting armour, cold-blooded, big wings, MP-powered
wands
a: Breathe Dispelling Energy, Renounce Religion


You were on level 7 of the Dungeon.
You worshipped Vehumet.
Vehumet was aware of your devotion.
You visited 2 branches of the dungeon, and saw 8 of its levels.

You collected 294 gold pieces.

Inventory:

Missiles
 d - 7 poisoned darts (quivered)
Armour
 n - a +0 cloak (worn)
Magical Staves
 q - a staff of air (weapon)
Jewellery
 s - a ring of resist corrosion
Wands
 b - a wand of iceblast (12)
 c - a wand of polymorph (13)
 p - a wand of charming (11)
 r - a wand of paralysis (13)


   Skills:
 + Level 2.9 Fighting
 + Level 0.8 Staves
 + Level 4.8 Dodging
 + Level 3.7 Stealth
 + Level 7.6 Spellcasting
 + Level 7.0 Conjurations
 + Level 0.3 Hexes
 + Level 1.8 Translocations


You had 11 spell levels left.
You knew the following spells:

 Your Spells              Type           Power      Damage    Failure   Level
a - Magic Dart            Conj           100%       1d8       1%          1
b - Searing Ray           Conj           64%        2d6       1%          2
c - Iskenderun's Mystic   Conj/Tloc      23%        2d6       16%         4
d - Fulminant Prism       Conj/Hex       10%        3d9       22%         4

Your spell library contained the following spells:

 Spells                   Type           Power      Damage    Failure   Level
 Shock                    Conj/Air       100%       1d9       2%          1
 Dazzling Flash           Conj/Hex       40%        N/A       7%          3
 Freeze                   Ice            24%        1d5       10%         1
 Hailstorm                Conj/Ice       19%        3d6       24%         4
 Frozen Ramparts          Ice            12%        1d3       30%         3


Dungeon Overview and Level Annotations

Branches:
Dungeon (7/15)             Temple (1/1) D:5

Altars:
Ashenzari
Cheibriados
Dithmenos
Elyvilon
Fedhas
Gozag
Kikubaaqudgha
Makhleb
Nemelex Xobeh
Okawaru
Qazlal
Ru
Sif Muna
Trog
Vehumet
Wu Jian
Xom
Yredelemnul
Zin
The Shining One

Shops:
D:1 [([*


Innate Abilities, Weirdness & Mutations

You can breathe bolts of dispelling energy.
Your rich purple scales are hard. (AC +6)
You cannot fit into any form of body armour.
You are cold-blooded and may be slowed by cold attacks.
Your large and strong wings let you fly.
You expend magic power (3 MP) to strengthen your wands.


Message History

You miss the killer bee zombie.
You kick the killer bee zombie, but do no damage.
The killer bee zombie is lightly damaged.
The killer bee zombie barely misses you. x2
Throw: 3 javelins
Press: ? - help, Q - select action, (/) - cycle Shift-Dir - straight line, f/p - killer bee zombie
Aim: a killer bee zombie (lightly damaged, 43% to hit)
You throw a javelin.
The javelin pierces through the killer bee zombie.
The killer bee zombie is moderately damaged.
The killer bee zombie hits you but does no damage.
The killer bee zombie hits you.
* * * LOW HITPOINT WARNING * * *
The killer bee zombie barely misses you.
Throw: 2 javelins
Press: ? - help, Q - select action, (/) - cycle Shift-Dir - straight line, f/p - killer bee zombie
Aim: a killer bee zombie (moderately damaged, 43% to hit)
You throw a javelin.
The javelin pierces through the killer bee zombie!
The killer bee zombie is heavily damaged.
The killer bee zombie hits you.
* * * LOW HITPOINT WARNING * * *
The killer bee zombie misses you. x2
Throw: javelin
Press: ? - help, Q - select action, (/) - cycle Shift-Dir - straight line, f/p - killer bee zombie
Aim: a killer bee zombie (heavily damaged, 43% to hit)
You throw a javelin.
The javelin closely misses the killer bee zombie.
The killer bee zombie hits you.
* * * LOW HITPOINT WARNING * * *
The killer bee zombie barely misses you.
Really quaff the potion of mutation?
You feel extremely strange.
Your hooves expand and flesh out into feet!
Your wings grow larger and stronger.
You feel your magical essence link to the dungeon's wands.
The killer bee zombie misses you.
The killer bee zombie closely misses you.
The killer bee zombie hits you.
You die...

.....###. ##
.........
###..
#........
....#
#........
#...##.....#..
#........(.#
#.......#
#.@Z.(#
##...## ##...#
..### ###


You could see a killer bee zombie.

Vanquished Creatures
  Grinder (D:5)
  Prince Ribbit (D:6)
  Menkaure (D:5)
  A water moccasin (D:6)
  A black bear (D:5)
  A phantom (D:5)
  A bullfrog (D:6)
  2 scorpions
  2 bullfrog zombies (D:5)
  2 jellies (D:5)
  2 hounds
  2 orc priests
  4 centaur skeletons
  3 iguanas (D:5)
  Ijyb (D:3)
  4 orc wizards
  A hound skeleton (D:4)
  Robin (D:2)
  A gnoll (D:5)
  9 adders
  A white imp (D:5)
  4 worms
  7 dart slugs
  16 orcs
  5 ball pythons
  4 endoplasms
  4 giant cockroaches
  17 goblins
  7 hobgoblins
  3 jackals (D:4)
  4 kobolds
  2 quokkas
  5 bats
  4 frilled lizards
  15 rats
139 creatures vanquished.

Vanquished Creatures (others)
  2 fulminant prisms
2 creatures vanquished.

Grand Total: 141 creatures vanquished

Notes
Turn   | Place    | Note
-------+----------+-------------------------------------------
     0 | D:1      | hawla the Draconian Conjurer began the quest for the Orb.
     0 | D:1      | Reached XP level 1. HP: 14/14 MP: 3/3
     2 | D:1      | Noticed a dwarf
     2 | D:1      | Noticed a demonspawn
     4 | D:1      | Noticed a demigod
     4 | D:1      | Noticed a draconian
     6 | D:1      | Noticed a vine stalker
     8 | D:1      | Noticed a spriggan
     8 | D:1      | Noticed a formicid
    10 | D:1      | Noticed an elf
    12 | D:1      | Noticed a felid
    14 | D:1      | Noticed a human
    16 | D:1      | Noticed a merfolk
    16 | D:1      | Noticed a ghoul
    18 | D:1      | Noticed an octopode
    18 | D:1      | Noticed a vampire
    20 | D:1      | Noticed a gargoyle
    22 | D:1      | Noticed a naga
    22 | D:1      | Noticed an ogre
    24 | D:1      | Noticed a tengu
    24 | D:1      | Noticed a minotaur
    26 | D:1      | Noticed a troll
   272 | D:1      | Found Awkot's Antique Armour Boutique.
   311 | D:1      | Reached XP level 2. HP: 20/20 MP: 3/5
   327 | D:1      | Learned a level 2 spell: Searing Ray
   380 | D:1      | Found a faded altar of an unknown god.
   537 | D:1      | Found Ereammip's Weapon Boutique.
   859 | D:1      | Found Voxeluf's Assorted Antiques.
  1102 | D:1      | Reached XP level 3. HP: 26/26 MP: 1/6
  1243 | D:1      | Found Aggutiag's Antique Armour Shoppe.
  1560 | D:2      | Found a shadowy altar of Dithmenos.
  2067 | D:2      | Reached skill level 5 in Conjurations
  2067 | D:2      | Reached XP level 4. HP: 28/33 MP: 0/7
  2074 | D:2      | Noticed Robin
  2155 | D:2      | Killed Robin
  3098 | D:3      | Noticed Ijyb
  3102 | D:3      | Killed Ijyb
  3103 | D:3      | Reached XP level 5. HP: 38/39 MP: 3/9
  3323 | D:3      | Learned a level 4 spell: Iskenderun's Mystic Blast
  3956 | D:3      | Found a sacrificial altar of Ru.
  4298 | D:4      | Reached XP level 6. HP: 46/46 MP: 4/11
  5588 | D:5      | Entered Level 5 of the Dungeon
  5590 | D:5      | Found a staircase to the Ecumenical Temple.
  5612 | Temple   | Entered the Ecumenical Temple
  5917 | Temple   | Became a worshipper of Vehumet
  5937 | D:5      | Reached skill level 1 in Fighting
  6120 | D:5      | Your scales start taking on a rich purple colour.
  6120 | D:5      | Reached skill level 5 in Spellcasting
  6120 | D:5      | Reached XP level 7. HP: 52/52 MP: 10/14
  6321 | D:5      | Noticed Menkaure
  6429 | D:5      | Learned a level 4 spell: Fulminant Prism
  6474 | D:5      | Killed Menkaure
  6475 | D:5      | Reached skill level 1 in Translocations
  7099 | D:5      | Reached XP level 8. HP: 43/61 MP: 7/17
  7219 | D:5      | Noticed Grinder
  7220 | D:5      | Paralysed by Grinder for 5 turns
  7231 | D:5      | Killed Grinder
  7833 | D:6      | Reached * piety under Vehumet
  7833 | D:6      | Offered knowledge of Shock by Vehumet.
  7923 | D:6      | Noticed Prince Ribbit
  7931 | D:6      | Killed Prince Ribbit
  8088 | D:6      | Gained mutation: You have large cloven feet. [potion of
                  | mutation]
  8100 | D:7      | HP: 1/62 [killer bee zombie (6)]
  8101 | D:7      | Lost mutation: You have large cloven feet. [potion of
                  | mutation]
  8101 | D:7      | Gained mutation: Your large and strong wings let you fly.
                  | [potion of mutation]
  8101 | D:7      | Gained mutation: You expend magic power (3 MP) to
                  | strengthen your wands. [potion of mutation]
  8102 | D:7      | Slain by a killer bee zombie

Illustrated notes

Levels and vault maps discovered:
D:1:      kb_arrival_jail, layout_loops_corners,
          dreamdust_ecumenical_altar_statues, serial_shops,
          nicolae_lakefront_shop, nicolae_shop_bloodbath_and_beyond,
          nicolae_shop_window_shopping, shop, minmay_pentomino_p4
D:2:      minmay_wonky_spiral, layout_loops_ring, basic_altar,
          minmay_misc_feat_secret_circle, minmay_rat_gold_closets, uniq_robin
D:3:      cheibrodos_pilgrimage, layout_basic, general_overflow_altar,
          serial_park_tiny_1, uniq_ijyb
D:4:      layout_basic, grunt_ministairs_10
D:5:      minmay_razor_zed, layout_cave_pools, minmay_temple_entry_sparse_star,
          uniq_grinder, uniq_menkaure
D:6:      layout_rooms, ebering_ghost_sewer_f, uniq_prince_ribbit1
D:7:      layout_layer_cave, serial_glass, glass_columns_c, glass_columns_a,
          feat_on_display
Temple:   mainiacjoe_temple_bowtie_tessellation

Skill      XL: |  1  2  3  4  5  6  7  8 |
---------------+-------------------------+-----
Dodging        | 2 3 4 |  4.8
Stealth        | 2 3 |  3.7
Conjurations   | 5 6 7 |  7.0
Spellcasting   | 3 5 6 7 |  7.6
Fighting       | 1 2 |  2.9
Translocations | 1 |  1.8
Staves         | |  0.8
Hexes          | |  0.3

Action                   |  1- 3 |  4- 6 |  7- 9 || total
-------------------------+-------+-------+-------++-------
Melee: Unarmed           |    40 |    32 |       ||    72
       Tailslap          |    10 |     9 |     8 ||    27
       Dagger            |       |    38 |    20 ||    58
       Punch             |       |     2 |       ||     2
       Staff             |       |       |    25 ||    25
       Kick              |       |       |     2 ||     2
Throw: Javelin           |       |       |     4 ||     4
 Cast: Magic Dart        |    53 |    33 |    19 ||   105
       Searing Ray       |    13 |    43 |    20 ||    76
       Iskenderun's Myst |       |     3 |    11 ||    14
       Fulminant Prism   |       |       |     2 ||     2
  Use: Scroll            |       |     6 |     3 ||     9
       Potion            |       |     1 |    10 ||    11
 Stab: Sleeping          |       |     2 |     1 ||     3
Armor: Skin              |    18 |    43 |    85 ||   146
Dodge: Dodged            |    35 |    81 |    71 ||   187
